AoeStats
← Der Sprudel

Golden Pit

510085978Analyzed
1v1 RM · 2d ago on Sep 29, 2026· 50m 30s· 2 players
Game mode
Random Map
Map size
Tiny (2 player)
Population
200
Speed
Normal
Resources
Standard
Victory
Conquest
Starting age
Dark Age
Ending age
Imperial Age
RankedLock teamsTeams togetherTeam positionsShared explorationLock speedFull tech treeHidden civsTurbo modeCheats
Victory
Defeat
🇩🇪 Varangians · Germany
1285
+14
🇨🇳 Danes · China
1246
-14
LGD Méin
0:26 Loom
7:06 Loom
9:17 Feudal Age
13:48 Double-Bit Axe
13:52 Horse Collar
23:13 Castle Age
22:16 Gold Mining
22:53 Bloodlines
23:07 Fletching
23:17 Padded Archer Armor
24:19 Bodkin Arrow
24:41 Bow Saw
26:31 Ballistics
26:43 Husbandry
28:05 Wheelbarrow
28:07 Heavy Plow
29:58 Leather Archer Armor
34:31 Thumb Ring
41:18 Imperial Age
38:57 Hamask
39:54 Scale Mail Armor
41:03 Squires
40:48 Arson
41:45 Chain Mail Armor
41:40 Forging
42:48 Conscription
43:52 Plate Mail Armor
44:30 Masonry
45:09 Iron Casting
44:06 Elite Varangian Guard
46:25 Gold Shaft Mining
Der Sprudel
5:51 Loom
9:22 Feudal Age
9:27 Man-at-Arms
10:18 Double-Bit Axe
17:25 Gold Mining
21:51 Castle Age
20:28 Fletching
20:40 Scale Mail Armor
21:42 Forging
21:44 Horse Collar
22:48 Bow Saw
22:57 Bodkin Arrow
23:14 Heavy Plow
25:38 Chain Mail Armor
26:48 Padded Archer Armor
28:09 Elite Skirmisher
29:24 Town Watch
31:22 Wheelbarrow
32:40 Gambesons
32:56 Squires
36:03 Hand Cart
40:42 Imperial Age
38:05 Arson
40:02 Ballistics
40:22 Leather Archer Armor
42:32 Plate Mail Armor
42:03 Bracer
41:26 Elite Varangian Guard
43:40 Two-Man Saw
43:22 Capped Ram
44:12 Stone Mining
47:22 Conscription
49:06 Iron Casting
49:02 Ring Archer Armor
49:07 Murder Holes
49:18 Siege Engineers
50:14 Chemistry
Connection lost

Rejoining the realm…

Still unreachable

The connection could not be restored.

Session expired

The server has moved on; the page needs a fresh start.